 Dungeon Sprint DCSS version 0.27-a0-1139-g28e009f8a6 (webtiles) character file.

Game seed: 18303724097371563530

766 Zeld the Arsonist (level 7, -1/50 HPs)
             Began as an Octopode Fire Elementalist on May 7, 2021.
             Was a Follower of Sif Muna.
             Engulfed by a cloud of flame (29 damage)
             ... in the Dungeon (Sprint V: "Ziggurat Sprint").
             The game lasted 00:01:34 (593 turns).

Zeld the Arsonist (Octopode Fire Elementalist)       Turns: 593, Time: 00:01:34

Health: -1/50      AC:  1    Str:  7    XL:     7   Next: 82%
Magic:  3/16       EV: 15    Int: 32    God:    Sif Muna [*.....]
Gold:   0          SH:  0    Dex: 12    Spells: 14/18 levels left

rFire    . . .     SeeInvis .   (no weapon)
rCold    . . .     Faith    .   (no shield)
rNeg     . . .     Spirit   .   (helmet restricted)
rPois    .         Reflect  .   (no amulet)
rElec    .         Harm     .   y - +6 ring of intelligence
rCorr    .         Rampage  .   x - +6 ring of intelligence
Will     .....     NoTele   +   (no ring)
Stlth    +++.......             (no ring)
HPRegen  0.16/turn              (no ring)
MPRegen  0.15/turn              (no ring)
                                (no ring)
                                (no ring)

@: no status effects
A: almost no armour, amphibious, 8 rings, camouflage 1, gelatinous body 1,
(nimble swimmer 1), tentacles
a: Renounce Religion, Channel Magic


You were in the Dungeon.
You worshipped Sif Muna.
Sif Muna was aware of your devotion.
You visited 1 branch

Inventory:

Armour
 a - a +3 tower shield
Jewellery
 x - a +6 ring of intelligence (right tentacle)
 y - a +6 ring of intelligence (left tentacle)
Wands
 r - a wand of mindburst (7)
 s - a wand of iceblast (7)
 t - a wand of acid (7)
Scrolls
 g - 4 scrolls of blinking
 h - 4 scrolls of amnesia
 i - 7 scrolls of fog
 j - a scroll of holy word
 k - 5 scrolls of identify
 l - 2 scrolls of fear
Potions
 b - 10 potions of curing
 c - 10 potions of heal wounds
 d - 6 potions of haste
 e - 7 potions of magic
 f - 3 potions of berserk rage
 m - 2 potions of brilliance
 n - 2 potions of invisibility
 o - 4 potions of resistance
 q - 5 potions of might
Miscellaneous
 p - a box of beasts
 B - a lightning rod (4/4)


   Skills:
 + Level 5.2 Fighting
 + Level 5.5 Dodging
 - Level 2.6 Stealth
 + Level 6.1 Spellcasting
 + Level 6.5 Conjurations
 * Level 9.8 Fire Magic
 * Level 8.2 Invocations


You had 14 spell levels left.
You knew the following spells:

 Your Spells              Type           Power      Damage    Failure   Level
a - Foxfire               Conj/Fire      100%       2x1d9     1%          1
b - Conjure Flame         Conj/Fire      58%        6-21      1%          3

Your spell library contained the following spells:

 Spells                   Type           Power      Damage    Failure   Level
 Inner Flame              Hex/Fire       41%        N/A       1%          3
 Sticky Flame             Conj/Fire      58%        2d7       1%          4
 Beastly Appendage        Tmut           18%        N/A       4%          1
 Fireball                 Conj/Fire      29%        3d13      4%          5
 Mephitic Cloud           Conj/Pois/Air  23%        N/A       5%          3
 Ice Form                 Ice/Tmut       9%         N/A       41%         4
 Eringya's Noxious Bog    Tmut/Pois      4%         N/A       100%        6


Dungeon Overview and Level Annotations

Branches:
Dungeon (1/1)

Altars:
Ashenzari
Cheibriados
Dithmenos
Elyvilon
Fedhas
Gozag
Hepliaklqana
Kikubaaqudgha
Makhleb
Nemelex Xobeh
Okawaru
Qazlal
Ru
Sif Muna
Trog
Uskayaw
Vehumet
Wu Jian
Xom
Yredelemnul
Zin
The Shining One
Beogh
Jiyva
Lugonu

Annotations:
D 1 transporter


Innate Abilities, Weirdness & Mutations

You cannot wear most types of armour.
You are amphibious.
You can wear up to eight rings at the same time.
Your skin changes colour to match your surroundings (Stealth+).
Your rubbery body absorbs attacks. (AC +1, EV +1)
((You are camouflaged near water. (Stealth+)))
You have tentacles for arms and can constrict up to eight enemies at once.


Message History

Your Invocations skill gained 5 levels and is now at level 6!
You have reached level 4!
You have reached level 5!
You feel clever.
You have reached level 6!
Your experience leads to an increase in your attributes!
Your base attributes are Str 7, Int 19, Dex 12.
Increase (S)trength, (I)ntelligence, or (D)exterity?
You feel clever.
Unknown command.
Aiming: Thunderbolt
Press: ? - help, Shift-Dir - straight line, f/p - draconian
Aim: a draconian, wielding the +8 war axe "Ydghyudai" {flame, rF+ rC+} (almost dead)
The thunderbolt hits the draconian!!
You kill the draconian!
Sif Muna accepts your kill. The draconian misses you.
Your lightning rod (4/4) has regained one charge.
Your Fighting skill increases to level 5!
Your Dodging skill increases to level 5!
Your Spellcasting skill increases to level 6!
Your Conjurations skill increases to level 6!
Your Fire Magic skill increases to level 9!
Your Invocations skill gained 2 levels and is now at level 8!
You have reached level 7!
Okay, then.
Casting: Foxfire (safe; 1% risk of failure)
Confirm with . or Enter, or press ? or * to list all spells.
You don't know that spell.
Unknown command.
Casting: Foxfire (safe; 1% risk of failure)
Confirm with . or Enter, or press ? or * to list all spells.
The fire begins to smoulder!
The draconian hits you with a +0 hand axe.
A draconian is nearby!
Casting: Conjure Flame (safe; 1% risk of failure)
Confirm with . or Enter, or press ? or * to list all spells.
The fire ignites!
You are engulfed in blazing flames.
Ouch! That really hurt!
You die...

▓▓▓▓▓▓▓▓▓▓▓▓▓
▓.8©8.▓.8©8.▓
▓.):[.▓.....▓
▓.....▓.....▓
▓.....▓.....▓
▓.....▓.†...▓
▓..)d.▓..©..▓
▓..@..▓▓▓▓▓▓▓
▓▓▓▓▓▓▓


You could see a draconian.

Vanquished Creatures
  2 draconians (D)
  2 adders (D)
4 creatures vanquished.

Vanquished Creatures (others)
  7 foxfires (D)
7 creatures vanquished.

Grand Total: 11 creatures vanquished

Notes
Turn   | Place    | Note
-------+----------+-------------------------------------------
     0 | D        | Zeld the Octopode Fire Elementalist began the quest for the
                  | Orb.
     0 | D        | Reached XP level 1. HP: 11/11 MP: 3/3
     2 | D        | Found a blossoming altar of Fedhas.
     3 | D        | Found the +6 Majin-Bo {vamp, MP+6 Int+6}
     3 | D        | Found the +9 heavy crossbow "Sniper" {vorpal, Acc+∞ SInv}
     3 | D        | Found the +10 dark maul {vorpal}
     3 | D        | Found the +15 Maxwell's patent armour {-Cast -Tele rElec
                  | Will+ rCorr}
     3 | D        | Found the +18 shield of the Gong {rElec rN+ Will+ EV-5}
     3 | D        | Found the +14 obsidian axe {vorpal, Drain Fly SInv}
     3 | D        | Found the +7 great mace "Firestarter" {inner flame, rF++}
     3 | D        | Found the +6 shillelagh "Devastator" {shatter}
     3 | D        | Found the +11 plutonium sword {Contam Stlth-}
     3 | D        | Found the +8 lance "Wyrmbane" {slay drac, rPois rF+ rC+
                  | AC+3}
     3 | D        | Found the +9 sword of Zonguldrok {reap}
     3 | D        | Found the +13 scythe of Curses {drain, Drain}
     3 | D        | Found the +5 sword of Power {vorpal}
     3 | D        | Found the +7 mace of Variability {chain chaos}
     3 | D        | Found the +7 Singing Sword {vorpal, sonic wave}
     3 | D        | Found the +8 storm bow {elec, penet}
     6 | D        | Found a transporter.
     6 | D        | Found a viscous altar of Jiyva.
     6 | D        | Found an ancient bone altar of Kikubaaqudgha.
     6 | D        | Found a hazy altar of Hepliaklqana.
     6 | D        | Found a corrupted altar of Lugonu.
     6 | D        | Found an opulent altar of Gozag.
     6 | D        | Found a burning altar of Makhleb.
     7 | D        | Found a sacrificial altar of Ru.
     7 | D        | Found a shimmering blue altar of Sif Muna.
     7 | D        | Found a stormy altar of Qazlal.
     7 | D        | Found a bloodstained altar of Trog.
     7 | D        | Found an iron altar of Okawaru.
     7 | D        | Found a sparkling altar of Nemelex Xobeh.
    62 | D        | Became a worshipper of Sif Muna the Loreminder
    74 | D        | Reached skill level 6 in Fire Magic
    74 | D        | Reached XP level 2. HP: 17/17 MP: 3/6
   389 | D        | Entered arena 2.
   389 | D        | Found a transporter.
   394 | D        | Reached skill level 1 in Invocations
   394 | D        | Reached XP level 3. HP: 19/22 MP: 2/8
   448 | D        | Got the Volume of Mutagenic Toxins
   453 | D        | Learned a level 3 spell: Conjure Flame
   586 | D        | Entered arena 3.
   586 | D        | Noticed a draconian
   586 | D        | Noticed a draconian
   586 | D        | Noticed a draconian
   586 | D        | Found a transporter.
   587 | D        | Identified the +8 war axe "Ydghyudai" {flame, rF+ rC+}
   590 | D        | Killed a draconian
   590 | D        | Reached * piety under Sif Muna
   591 | D        | Reached skill level 5 in Spellcasting
   591 | D        | Reached skill level 5 in Conjurations
   591 | D        | Reached skill level 8 in Fire Magic
   591 | D        | Reached XP level 4. HP: 20/33 MP: 8/11
   591 | D        | Reached XP level 5. HP: 22/37 MP: 9/13
   591 | D        | Reached XP level 6. HP: 26/43 MP: 9/14
   591 | D        | Killed a draconian
   592 | D        | Reached skill level 5 in Fighting
   592 | D        | Reached skill level 5 in Dodging
   592 | D        | Reached skill level 9 in Fire Magic
   592 | D        | Reached XP level 7. HP: 31/50 MP: 9/16
   593 | D        | Engulfed by a cloud of flame

Illustrated notes

Levels and vault maps discovered:
D:        sprint_v [room_start, room_1, room_2, room_3, room_4, room_5, room_6,
          room_7, room_8, room_9, room_10, room_11, room_12, room_13, room_14,
          room_15, room_16, room_17, room_18, room_19, room_20, room_21,
          room_22, room_23, room_24, room_25, room_26, room_27]

Skill      XL: |  1  2  3  4  5  6 |
---------------+-------------------+-----
Spellcasting   | 3 4 5 6 |  6.1
Conjurations   | 3 5 6 |  6.5
Fire Magic     | 6 8 9 |  9.8
Invocations    | 1 6 8 |  8.2
Fighting       | 4 5 |  5.2
Dodging        | 4 5 |  5.5
Stealth        | |  2.6

Action                   |  1- 3 |  4- 6 |  7- 9 || total
-------------------------+-------+-------+-------++-------
 Cast: Foxfire           |     4 |       |       ||     4
       Conjure Flame     |       |       |     2 ||     2
Evoke: Lightning rod     |     4 |     1 |       ||     5
  Use: Potion            |     1 |       |       ||     1
Dodge: Dodged            |       |     1 |       ||     1

Table legend: (Time is in decaauts)
 A = Elapsed time spent in this place.
 B = Non-inter-level travel time spent in this place.
 C = Inter-level travel time spent in this place.
 D = Time resting spent in this place.
 E = Time spent auto-exploring this place.
 F = Levels seen in this place.
 G = Mean time per level.
                   A        B        C        D        E       F      G
               +--------+--------+--------+--------+--------+-----+--------+
         Total |    592 |    592 |      0 |    477 |      9 |   1 |  592.0 |
       Dungeon |    592 |    592 |      0 |    477 |      9 |   1 |  592.0 |
               +--------+--------+--------+--------+--------+-----+--------+

Top non-repeatable levels by time:
       D: 592 daAuts
